[Event "Early-Titled-Tuesday-Blitz-April-23-2024"]
[Site "Chess.com"]
[Date "2024.04.23"]
[Round "9"]
[White "praveenb2002"]
[Black "RodTwinkz"]
[Result "1-0"]
[WhiteElo "2890"]
[BlackElo "2697"]
[TimeControl "180+1"]
[EndTime "9:48:36 PDT"]
[Termination "praveenb2002 won on time"]

1. c4 Nf6 2. Nc3 g6 3. g3 Bg7 4.
Bg2 O-O 5. d4 c5 6. d5 d6 7. Nf3 Na6 8. O-O Nc7 9. e4 b5 10. cxb5 a6 11. bxa6 Bxa6 12. Re1 Nd7 13. a4 Qb8 14. Qc2 Qb4 15. Bd2 Qb7 16. Rab1 Ne5 17.
Nxe5 Bxe5 18. b4 cxb4 19. Na2 Rfc8 20. Qd1 Bd3 21. Rxb4 Qa6 22. Bf1 Ne8 23. Qb3 Bxf1 24. Rxf1 Qe2 25. Be3 Nf6 26. Nc1 Qf3 27. Bd2 1-0

[Event "Early-Titled-Tuesday-Blitz-April-23-2024"]
[Site "Chess.com"]
[Date "2024.04.23"]
[Round "9"]
[White "SpongeBob_03"]
[Black "balack95"]
[Result "1-0"]
[WhiteElo "2274"]
[BlackElo "2411"]
[TimeControl "180+1"]
[EndTime "9:48:36 PDT"]
[Termination "SpongeBob_03 won by resignation"]

1. Nf3 d5 2. c4 d4 3. e3 c5 4.
b4 e6 5. Bb2 dxe3 6. fxe3 cxb4 7. d4 Nf6 8. Bd3 b6 9. O-O Bb7 10. Ne5 Nbd7 11. Ng4 Be7 12. Nd2 h5 13. Nxf6+ gxf6 14. Be4 Qc7 15. Qf3 Rb8 16. Rac1 Bxe4 17. Nxe4 Qb7 18. d5 exd5 19. Nxf6+ Nxf6 20. Bxf6 Rg8 21. Be5 Rf8 22. Bxb8 Qxb8 23. cxd5 Bc5 24. Qe4+ Kd8 25. Qh4+ Kc7 26. Rxc5+ bxc5 27. Qe7+ Kb6 28.
Rf6+ Kb5 29. Rc6 a5 30. Qxc5+ Ka4 31. Qc2+ Kb5 32. Qc4+ Ka4 33. Rc5 1-0

[Event "Early-Titled-Tuesday-Blitz-April-23-2024"]
[Site "Chess.com"]
[Date "2024.04.23"]
[Round "9"]
[White "ninguno46"]
[Black "LaPiToB"]
[Result "0-1"]
[WhiteElo "2525"]
[BlackElo "2334"]
[TimeControl "180+1"]
[EndTime "9:48:37 PDT"]
[Termination "LaPiToB won by resignation"]

1. e4 c5 2. Nc3 Nc6 3. f4 g6 4.
Nf3 Bg7 5. Bb5 Nd4 6. Bd3 d6 7. Nxd4 Bxd4 8. Qf3 h5 9. Bb5+ Bd7 10. Bxd7+ Qxd7 11.
d3 Nf6 12. h3 h4 13. Bd2 b5 14.
e5 O-O 15. exf6 exf6 16. O-O-O b4 17. Nd5 Qa4 18. Kb1 Kg7 19. f5 Rab8 20. Rhe1 Rb5 21. fxg6 Ra5 22. Bh6+ Kxh6 23. Qf4+ Kg7 24. Kc1 Qxa2 25.
Kd2 Qxb2 26. Ke2 fxg6 27. Kf1 Rf7 28. Re2 Be5 29. Qf3 Qd4 30. Ne3 Ra1 31. Rxa1 Qxa1+ 32. Re1 Qd4 33. Ng4 Qf4 34. Qxf4 Bxf4 35. Ra1 f5 36. Ra6 fxg4 0-1

[Event "Early-Titled-Tuesday-Blitz-April-23-2024"]
[Site "Chess.com"]
[Date "2024.04.23"]
[Round "9"]
[White "yaguigor"]
[Black "Matols"]
[Result "1-0"]
[WhiteElo "2582"]
[BlackElo "2367"]
[TimeControl "180+1"]
[EndTime "9:48:38 PDT"]
[Termination "yaguigor won on time"]

1. Nf3 d5 2. d4 Nf6 3. c4 e6 4. Nc3 a6 5. c5 b6 6. cxb6 cxb6 7.
Bf4 Bd6 8. e3 O-O 9. Bd3 Nc6 10.
Rc1 Bb7 11. O-O Rc8 12. Re1 b5 13. Ne5 Na5 14. Qf3 Nc4 15. Nxc4 bxc4 16. Bb1 Bxf4 17.
Qxf4 Qc7 18. Qh4 h6 19. f4 Qb6 20. Re2 Ne4 21. Bxe4 dxe4 22. g4 Rfd8 23. g5 hxg5 24.
Qxg5 f5 25. Rg2 Rd7 26. Rcc2 Qd8 27. Qh6 Rf7 28. Qxe6 Rc6 29. Qd5 Rd6 30. Qe5 Rh6 31.
Rg3 Qh4 32. Rcg2 Rh7 33. d5 1-0

[Event "Early-Titled-Tuesday-Blitz-April-23-2024"]
[Site "Chess.com"]
[Date "2024.04.23"]
[Round "9"]
[White "Byniolus"]
[Black "noblerone"]
[Result "1-0"]
[WhiteElo "2816"]
[BlackElo "2522"]
[TimeControl "180+1"]
[EndTime "9:48:40 PDT"]
[Termination "Byniolus won on time"]

1. e4 c5 2. b4 cxb4 3. a3 e5 4. Nf3 Nc6 5. Bc4 Bc5 6. axb4 Bxb4 7. c3 Bc5 8. O-O Nf6 9. d4 Bd6 10. dxe5 Bxe5 11. Ba3 h6 12. Nbd2 Qc7 13. Qb3 d6 14. Bb5 Be6 15. Qa4 O-O 16. Bxc6 bxc6 17. Nxe5 dxe5 18.
Bxf8 Kxf8 19. Qa5 Qc8 20. Qxe5 Kg8 21. h3 Qf8 22. Ra5 Nd7 23. Qc7 1-0

[Event "Early-Titled-Tuesday-Blitz-April-23-2024"]
[Site "Chess.com"]
[Date "2024.04.23"]
[Round "9"]
[White "Fy_Rakotomaharo"]
[Black "superchess02"]
[Result "1-0"]
[WhiteElo "2736"]
[BlackElo "2878"]
[TimeControl "180+1"]
[EndTime "9:48:42 PDT"]
[Termination "Fy_Rakotomaharo won by resignation"]

1. e4 c5 2. a4 Nc6 3. Bb5 Nf6 4. d3 d6 5. f4 g6 6. Nf3 Bg7 7. O-O O-O 8. Bxc6 bxc6 9. Qe1 Rb8 10. Nc3 Nh5 11.
h3 f5 12. e5 d5 13. Qh4 e6 14. Qf2 Qe7 15. b3 h6 16. g3 g5 17. Kh2 Ba6 18.
Ba3 gxf4 19. gxf4 Nxf4 20. Bxc5 Qf7 21. Rg1 Kh7 22. Bxf8 Qxf8 23. Qh4 Qb4 24. Rxg7+ Kxg7 25. Rg1+ Kh7 26. Ng5+ Kg8 27. Nxe6+ Kf7 28. Qf6+ 1-0

[Event "Early-Titled-Tuesday-Blitz-April-23-2024"]
[Site "Chess.com"]
[Date "2024.04.23"]
[Round "9"]
[White "Schattman"]
[Black "Heinza9"]
[Result "0-1"]
[WhiteElo "2451"]
[BlackElo "2331"]
[TimeControl "180+1"]
[EndTime "9:48:43 PDT"]
[Termination "Heinza9 won on time"]

1. c4 f5 2. g3 Nf6 3. Bg2 g6 4. Nc3 Bg7 5. d3 O-O 6. e4 d6 7. Nge2 e5 8. exf5 gxf5 9. d4 e4 10. O-O Nc6 11. h3 Kh8 12. Be3 Ne7 13. Nf4 c6 14. d5 c5 15. Rb1 Ng6 16. b4 b6 17. bxc5 bxc5 18. Nb5 a6 19. Nc3 Ne5 20. Qe2 Qe7 21. Rb6 Nfd7 22. Rb3 Rg8 23. Ne6 Nf6 24. Nxg7 Qxg7 25. Kh1 Nd3 26. Qd2 Nh5 27. Bh6 Nxg3+ 28. fxg3 Qxg3 29. Be3 f4 30. Bxe4 fxe3 31. Qh2 Nf2+ 32.
Rxf2 exf2 33. Rb1 Bxh3 0-1

[Event "Early-Titled-Tuesday-Blitz-April-23-2024"]
[Site "Chess.com"]
[Date "2024.04.23"]
[Round "9"]
[White "TanitoluwaAps116"]
[Black "Stanbad1"]
[Result "1-0"]
[WhiteElo "2790"]
[BlackElo "2640"]
[TimeControl "180+1"]
[EndTime "9:48:44 PDT"]
[Termination "TanitoluwaAps116 won by resignation"]

1. e4 e6 2. d4 d5 3. exd5 exd5 4. Nf3 Bd6 5. c4 dxc4 6. Bxc4 Nf6 7. Qe2+ Qe7 8.
Qxe7+ Kxe7 9. Nc3 Rd8 10. O-O h6 11. Nb5 Bf5 12. Re1+ Kf8 13. Ne5 Be6 14. Bxe6 fxe6 15.
Nc4 Kf7 16. Ncxd6+ cxd6 17. Nc7 Nc6 18. Nxa8 Nxd4 19. Nc7 Rc8 20. Nxe6 Nc2 21. Bd2 Nxa1 22. Nd4 Rc4 23. Nf5 Rc2 24. Bc3 Nd5 25. Nxd6+ Kg6 26.
Rxa1 Nxc3 27. bxc3 Rxc3 28. Nxb7 Ra3 29. Nd6 Kf6 30. Nb5 Ra5 31. a4 a6 32. Nd4 Rd5 33.
Nb3 Ke6 34. Kf1 Kd6 35. Ke2 Kc6 36. Rd1 Re5+ 37. Kd3 Rf5 38. Nd4+ 1-0

[Event "Early-Titled-Tuesday-Blitz-April-23-2024"]
[Site "Chess.com"]
[Date "2024.04.23"]
[Round "9"]
[White "kuchma777"]
[Black "sathvikadiga"]
[Result "0-1"]
[WhiteElo "2473"]
[BlackElo "2619"]
[TimeControl "180+1"]
[EndTime "9:48:45 PDT"]
[Termination "sathvikadiga won on time"]

1. e4 e6 2. d4 d5 3. Nd2 c5 4.
Ngf3 cxd4 5. Nxd4 Nc6 6. Bb5 Bd7 7. Nxc6 bxc6 8. Bd3 Bd6 9. O-O Nf6 10. Re1 Qc7 11.
h3 O-O 12. c4 Rfe8 13. b3 e5 14. cxd5 cxd5 15. exd5 Nxd5 16. Ne4 Bb4 17. Bd2 Bxd2 18. Qxd2 Be6 19. Rac1 Qb6 20. Nc5 Rac8 21. Nxe6 Rxc1 22.
Rxc1 fxe6 23. Bc4 Nf4 24. g3 Rd8 25. Qe1 Nxh3+ 26. Kg2 Ng5 27. f3 Qb7 28. Rc3 e4 29. fxe4 Nxe4 30. Bxe6+ Kh8 31. Rf3 Ng5 32. Bg4 Rf8 33.
Qe2 Nxf3 34. Bxf3 Qb6 35. Be4 Qf6 36. Qh5 Qf1+ 37. Kh2 Rf2+ 0-1

[Event "Early-Titled-Tuesday-Blitz-April-23-2024"]
[Site "Chess.com"]
[Date "2024.04.23"]
[Round "9"]
[White "szachuspl"]
[Black "Sofia_Blokhin"]
[Result "1-0"]
[WhiteElo "2536"]
[BlackElo "2278"]
[TimeControl "180+1"]
[EndTime "9:48:45 PDT"]
[Termination "szachuspl won by checkmate"]

1. d4 f5 2. h3 Nf6 3. g4 fxg4 4.
hxg4 d5 5. g5 Ne4 6. g6 h6 7. Bh3 Bxh3 8. Rxh3 Qd7 9. Nc3 Nf6 10.
Rh1 Nc6 11. Nf3 O-O-O 12. Bf4 a6 13. Qd2 e6 14. O-O-O Bb4 15. Qd3 Rhf8 16. Ne5 Nxe5 17.
Bxe5 Bxc3 18. Qxc3 Ne4 19. Qa5 Nxf2 20. Rhf1 Nxd1 21. Rxd1 Rf5 22. a4 Rdf8 23. Rd3 Rf1+ 24. Kd2 Rg1 25. b4 Rxg6 26. b5 Kd8 27. Rc3 b6 28.
Qxa6 Rg2 29. Rxc7 Qxc7 30. Bxc7+ Kxc7 31. Qa7+ Kd6 32. Qxb6+ Ke7 33. Qc7+ Ke8 34. Qe5 Rff2 35. Qxe6+ Kd8 36. Qxd5+ Kc8 37. Qe6+ Kd8 38. a5 Rxe2+ 39. Qxe2 Rxe2+ 40. Kxe2 Kc7 41. c4 g5 42. Kf3 h5 43. Kg3 h4+ 44. Kg4 Kb7 45. c5 Kc7 46. d5 Kb7 47. d6 Kc8 48. a6 Kb8 49. b6 Ka8 50. c6 Kb8 51. d7 Ka8 52. d8=Q# 1-0

[Event "Early-Titled-Tuesday-Blitz-April-23-2024"]
[Site "Chess.com"]
[Date "2024.04.23"]
[Round "9"]
[White "rdarruda"]
[Black "osielchesslover2011"]
[Result "1-0"]
[WhiteElo "2532"]
[BlackElo "2227"]
[TimeControl "180+1"]
[EndTime "9:48:47 PDT"]
[Termination "rdarruda won on time"]

1. d4 Nf6 2. Nf3 g6 3. Nc3 Bg7 4. e4 d6 5. Bg5 O-O 6. Qd2 Nbd7 7. O-O-O c5 8. dxc5 Nxc5 9. Qe1 Bd7 10. e5 dxe5 11.
Nxe5 Qa5 12. Bxf6 exf6 13. Nxd7 Rfe8 14. Be2 Na4 15. Nxa4 Qxa4 16. Kb1 Rac8 17. Rd2 f5 18.
Qd1 Bxb2 19. c3 Qxd1+ 20. Rhxd1 Bxc3 21. Rc2 Bg7 22. Bf3 Rxc2 23. Kxc2 Rc8+ 24. Kb1 b6 25. Bd5 Rd8 26. Bb3 h6 27. f4 Bc3 28. Ne5 1-0

[Event "Early-Titled-Tuesday-Blitz-April-23-2024"]
[Site "Chess.com"]
[Date "2024.04.23"]
[Round "9"]
[White "GrotBchess"]
[Black "Roosters19"]
[Result "1-0"]
[WhiteElo "2447"]
[BlackElo "2320"]
[TimeControl "180+1"]
[EndTime "9:48:47 PDT"]
[Termination "GrotBchess won by checkmate"]

1. e4 c5 2. Nf3 Nc6 3. c3 g6 4. d4 cxd4 5. cxd4 d5 6. exd5 Qxd5 7. Nc3 Qd8 8. Bb5 Bd7 9. O-O Bg7 10. Re1 Nf6 11. d5 Nb8 12. Bg5 O-O 13. Qe2 Re8 14. Rad1 Bxb5 15. Qxb5 Qd7 16. Qb3 Na6 17. Ne5 Qf5 18.
Qxb7 Nc5 19. Qb5 Nfe4 20. Nxe4 Nxe4 21. Nc6 Qxf2+ 22. Kh1 Nxg5 23. Nxe7+ Rxe7 24. Rxe7 Qh4 25. Re8+ Rxe8 26. Qxe8+ Bf8 27. d6 Ne4 28. Rc1 Nf2+ 29. Kg1 Ng4 30. d7 Qxh2+ 31. Kf1 Qh1+ 32. Ke2 Qxc1 33.
d8=Q Qc4+ 34. Kf3 Qc5 35. Kxg4 Qf5+ 36. Kg3 h5 37. Qxf8+ Kh7 38. Qh8# 1-0

[Event "Early-Titled-Tuesday-Blitz-April-23-2024"]
[Site "Chess.com"]
[Date "2024.04.23"]
[Round "9"]
[White "HamedWafa4"]
[Black "eljanov"]
[Result "0-1"]
[WhiteElo "2734"]
[BlackElo "2903"]
[TimeControl "180+1"]
[EndTime "9:48:48 PDT"]
[Termination "eljanov won by resignation"]

1. e4 c6 2. d4 d5 3. e5 Bf5 4. h4 h5 5. Bd3 Bxd3 6. Qxd3 Qa5+ 7.
Nd2 e6 8. Nf3 Nh6 9. O-O Nf5 10.
Nb3 Qa6 11. Qd1 b6 12. a4 c5 13. a5 c4 14. axb6 Qxb6 15. Na5 Be7 16. b3 cxb3 17. Nxb3 Nc6 18. c3 Rb8 19. Nc5 Bxc5 20. dxc5 Qc7 21.
Re1 O-O 22. Nd4 g6 23. Nxf5 exf5 24. e6 Rbd8 25. exf7+ Kxf7 26. Bg5 Rd7 27. Ra6 Qb7 28. Qa4 Rc8 29. Qa2 Qb5 30. Ra4 Re8 31. Rxe8 Kxe8 32.
Be3 Rb7 33. Kh2 Qb3 34. Qa1 Re7 35. Ra6 Qb5 36. Bd4 Kd7 37. Ra2 Re2 38. Rxe2 Qxe2 39. Qb1 Kc8 40. Qb5 Qxb5 0-1

[Event "Early-Titled-Tuesday-Blitz-April-23-2024"]
[Site "Chess.com"]
[Date "2024.04.23"]
[Round "9"]
[White "mapleaff"]
[Black "Zampronha1971"]
[Result "0-1"]
[WhiteElo "2276"]
[BlackElo "2439"]
[TimeControl "180+1"]
[EndTime "9:48:49 PDT"]
[Termination "Zampronha1971 won by resignation"]

1. d4 Nf6 2. c4 e6 3. Nc3 Bb4 4.
e3 b6 5. Ne2 Bb7 6. a3 Be7 7.
Nf4 O-O 8. Bd3 d5 9. cxd5 exd5 10.
O-O c5 11. b3 Nc6 12. Bc2 Bd6 13. Nfxd5 Nxd5 14. Nxd5 Bxh2+ 15. Kxh2 Qxd5 16. dxc5 Qe5+ 17. f4 Qxa1 18. Bxh7+ Kxh7 19. Qh5+ Kg8 20. Rf3 g6 21.
Qh4 Rfd8 22. Rh3 Qg7 23. f5 g5 24. Qh5 f6 25. Qe2 Rd5 26. Qc4 Qf7 27. e4 Rd7 28.
Qc3 Ne5 29. Bb2 Re8 30. Qg3 Bxe4 31. Rh6 Bxf5 32. Qh3 Bxh3 0-1

[Event "Early-Titled-Tuesday-Blitz-April-23-2024"]
[Site "Chess.com"]
[Date "2024.04.23"]
[Round "9"]
[White "jk13"]
[Black "FaustinoOro"]
[Result "1-0"]
[WhiteElo "2700"]
[BlackElo "2883"]
[TimeControl "180+1"]
[EndTime "9:48:51 PDT"]
[Termination "jk13 won on time"]

1. e4 e5 2. Nf3 Nc6 3. Bc4 Bc5 4.
d3 Nf6 5. c3 O-O 6. O-O h6 7.
Re1 d6 8. Bb3 a5 9. Nbd2 Re8 10.
h3 Ba7 11. Nf1 Ne7 12. Ng3 Ng6 13. d4 c6 14. Be3 Qc7 15. Qd2 Be6 16. Bc2 Rad8 17.
Rad1 Bc8 18. c4 b5 19. cxb5 cxb5 20. Rc1 b4 21. Ba4 Qb8 22. Bxe8 Rxe8 23. Bxh6 exd4 24. Nf5 Nxe4 25. Rxe4 Rxe4 26. Nxg7 Be6 27. Nh5 Re5 28. Nxe5 dxe5 29. Qg5 Kh7 30. Bg7 1-0

[Event "Early-Titled-Tuesday-Blitz-April-23-2024"]
[Site "Chess.com"]
[Date "2024.04.23"]
[Round "9"]
[White "TigrVShlyape"]
[Black "Rakhmanov_Aleksandr"]
[Result "1-0"]
[WhiteElo "3032"]
[BlackElo "2869"]
[TimeControl "180+1"]
[EndTime "9:48:52 PDT"]
[Termination "TigrVShlyape won on time"]

1. d4 c6 2. Bf4 Qb6 3. b3 g6 4.
e3 Bg7 5. c4 d6 6. Nf3 Bg4 7.
Nbd2 e5 8. c5 Qa5 9. b4 Qxb4 10.
Rb1 Qa5 11. Bg3 Bxf3 12. Qxf3 Nf6 13. cxd6 exd4 14. Rxb7 O-O 15. Bc4 Nbd7 16. Qxc6 dxe3 17. fxe3 Rac8 18. Rc7 Rb8 19. Ke2 Rb2 20. Rd1 Ne5 21.
Qc5 Nxc4 22. Qxc4 Bh6 23. d7 Qh5+ 24. Ke1 Bxe3 25. d8=Q 1-0

[Event "Early-Titled-Tuesday-Blitz-April-23-2024"]
[Site "Chess.com"]
[Date "2024.04.23"]
[Round "9"]
[White "dontcatchmeifyoucant"]
[Black "Juicy_Fork"]
[Result "1-0"]
[WhiteElo "2400"]
[BlackElo "2464"]
[TimeControl "180+1"]
[EndTime "9:48:52 PDT"]
[Termination "dontcatchmeifyoucant won by checkmate"]

1. e4 e5 2. Nf3 Nc6 3. d4 exd4 4. Bc4 Nf6 5. e5 Ne4 6. Bd5 Nc5 7. O-O Ne6 8. c3 dxc3 9. Nxc3 Be7 10. Qe2 O-O 11. Be3 d6 12. Rad1 Qe8 13. Nb5 Bd8 14. exd6 Nf4 15. Qd2 Nxd5 16. Qxd5 Be6 17. Qh5 cxd6 18. Nxd6 Qe7 19. Bc5 g6 20. Qh6 Bb6 21. Ba3 Rfd8 22.
Ng5 Qf6 23. Qxh7+ Kf8 24. Ndxf7+ Ke8 25. Qg8# 1-0

[Event "Early-Titled-Tuesday-Blitz-April-23-2024"]
[Site "Chess.com"]
[Date "2024.04.23"]
[Round "9"]
[White "willyam13"]
[Black "nicolochessit"]
[Result "1-0"]
[WhiteElo "2430"]
[BlackElo "2261"]
[TimeControl "180+1"]
[EndTime "9:48:54 PDT"]
[Termination "willyam13 won by resignation"]

1. e4 c6 2. d4 d5 3. Nc3 dxe4 4. Nxe4 Bf5 5. Ng3 Bg6 6. h4 h6 7. Nf3 Nd7 8. h5 Bh7 9. Bd3 Bxd3 10. Qxd3 e6 11. Bd2 Qc7 12. O-O-O O-O-O 13. Ne4 Ngf6 14. Nxf6 Nxf6 15. Qe2 Kb8 16. g3 Bd6 17. c4 c5 18.
Bc3 cxd4 19. Nxd4 a6 20. Kb1 Rd7 21. Nb3 Qc6 22. Rh4 Rhd8 23. Rc1 Be7 24. c5 Nd5 25. Be5+ Ka8 26. Rhc4 f6 27. Nd4 Qc8 28. c6 fxe5 29.
cxd7 Qxd7 30. Qxe5 Bf6 31. Qxe6 Qxe6 32. Nxe6 Re8 33.
Rc8+ Rxc8 34. Rxc8+ Ka7 35. Rg8 Nb4 36. Nxg7 Nd3 37.
Nf5 Nxf2 38. Nxh6 Ne4 39. Nf5 Be5 40. g4 Nf6 41. Rg6 b5 42. h6 Kb7 43. g5 Nh5 44. Rg8 Kc6 45. h7 1-0

[Event "Early-Titled-Tuesday-Blitz-April-23-2024"]
[Site "Chess.com"]
[Date "2024.04.23"]
[Round "9"]
[White "aanshnerurkar"]
[Black "klercaku"]
[Result "1-0"]
[WhiteElo "2364"]
[BlackElo "2251"]
[TimeControl "180+1"]
[EndTime "9:48:55 PDT"]
[Termination "aanshnerurkar won on time"]

1. e4 e5 2. Nf3 Nc6 3. Bc4 Bc5 4.
c3 Nf6 5. d4 exd4 6. e5 d5 7. Bb5 Ne4 8. cxd4 Bb6 9. Nc3 O-O 10. Be3 Bf5 11. O-O a6 12. Bd3 Nxc3 13.
bxc3 Bxd3 14. Qxd3 Ne7 15. Ng5 Ng6 16. f4 Re8 17. Kh1 f6 18. Nxh7 Kxh7 19. Rf3 fxe5 20.
Rh3+ Kg8 21. Qxg6 exd4 22. Bxd4 Bxd4 23. cxd4 Qf6 24. Qh7+ Kf7 25. Qh5+ Qg6 26. Qxd5+ 1-0

[Event "Early-Titled-Tuesday-Blitz-April-23-2024"]
[Site "Chess.com"]
[Date "2024.04.23"]
[Round "9"]
[White "NMChessToImpress"]
[Black "BenchGM"]
[Result "1-0"]
[WhiteElo "2230"]
[BlackElo "2234"]
[TimeControl "180+1"]
[EndTime "9:48:55 PDT"]
[Termination "NMChessToImpress won by checkmate"]

1. e4 c5 2. Nf3 e6 3. d4 cxd4 4.
Nxd4 Nc6 5. Nc3 Qc7 6. Be3 a6 7. Qd2 Nf6 8. O-O-O Be7 9. f3 b5 10. g4 O-O 11. g5 Nh5 12. Nxc6 dxc6 13. f4 b4 14. Ne2 Qa5 15. Kb1 Rd8 16. Qe1 Bb7 17. Ng3 Nxg3 18. hxg3 c5 19. Bd3 c4 20. Bxc4 Bxe4 21.
Rh2 Qc7 22. b3 a5 23. Rhd2 a4 24. Rxd8+ Rxd8 25. Rxd8+ Qxd8 26. Bd2 axb3 27. axb3 Qa5 28. Qxe4 Bc5 29. f5 exf5 30. Qe8+ Bf8 31. Qxf7+ Kh8 32.
Qg8# 1-0

[Event "Early-Titled-Tuesday-Blitz-April-23-2024"]
[Site "Chess.com"]
[Date "2024.04.23"]
[Round "9"]
[White "Incognito_Knight"]
[Black "TenisMaster"]
[Result "1-0"]
[WhiteElo "2757"]
[BlackElo "2952"]
[TimeControl "180+1"]
[EndTime "9:48:57 PDT"]
[Termination "Incognito_Knight won on time"]

1. e4 e5 2. Nf3 Nc6 3. Nc3 Nf6 4.
a3 d6 5. d4 Bg4 6. Bb5 exd4 7.
Qxd4 Bd7 8. Qd3 Be7 9. Bf4 a6 10.
Bxc6 Bxc6 11. O-O-O O-O 12. Nd4 Bd7 13. f3 b5 14. g4 g6 15. Bh6 Re8 16. h4 c5 17.
Nf5 gxf5 18. exf5 b4 19. axb4 cxb4 20. Nd5 Nxd5 21. Qxd5 Rc8 22. g5 Qc7 23. Rh2 Ba4 24.
g6 hxg6 25. fxg6 Bf6 26. gxf7+ Kh7 27. Qf5+ Kxh6 28. Qxf6+ Kh7 29. fxe8=Q Rxe8 30. Rg2 1-0

[Event "Early-Titled-Tuesday-Blitz-April-23-2024"]
[Site "Chess.com"]
[Date "2024.04.23"]
[Round "9"]
[White "Golubovsky"]
[Black "Korchmar_Vasiliy"]
[Result "0-1"]
[WhiteElo "2528"]
[BlackElo "2713"]
[TimeControl "180+1"]
[EndTime "9:49:00 PDT"]
[Termination "Korchmar_Vasiliy won on time"]

1. c4 c5 2. Nc3 Nc6 3. g3 Nf6 4. Bg2 g6 5. Nf3 Bg7 6. a3 O-O 7. Rb1 d5 8. cxd5 Nxd5 9. O-O Bf5 10. Ra1 c4 11. Nxd5 Qxd5 12. Nh4 Be4 13. f3 Qc5+ 14.
Kh1 Bd5 15. Rb1 Nd4 16. d3 cxd3 17. Qxd3 Bc4 18. Qe3 Qc7 19. Bd2 Bxe2 20. Rfe1 Bb5 21. Qxe7 Qc2 22. Bc3 Rae8 23. Qxb7 Bc6 24. Qxa7 Nb5 25.
Qc5 Nxc3 26. bxc3 Ba8 27. Rec1 Qa2 28. Qb4 Re2 0-1

[Event "Early-Titled-Tuesday-Blitz-April-23-2024"]
[Site "Chess.com"]
[Date "2024.04.23"]
[Round "9"]
[White "Journey_to_GrandMaster_YT"]
[Black "Pasmendjambvirgulptipon98"]
[Result "1-0"]
[WhiteElo "2554"]
[BlackElo "2367"]
[TimeControl "180+1"]
[EndTime "9:49:04 PDT"]
[Termination "Journey_to_GrandMaster_YT won by checkmate"]

1. d4 d5 2. Nf3 Nf6 3. e3 Bf5 4. Bd3 Bxd3 5. Qxd3 e6 6. Qb5+ Nbd7 7. Qxb7 Bd6 8. O-O O-O 9. Nbd2 c5 10. Qa6 Qc7 11. c4 Ne4 12. cxd5 exd5 13. dxc5 Ndxc5 14. Qe2 Rae8 15. h3 Re6 16. Nd4 Rg6 17. b4 Nc3 18. Qf3 Nd3 19. e4 Nxb4 20. Ba3 dxe4 21. Nxe4 Nxe4 22. Qxe4 Na6 23. Nb5 Bh2+ 24. Kh1 Qb8 25. Bxf8 Kxf8 26. Rab1 Rb6 27. Nc3 Be5 28. Rxb6 axb6 29.
Nd5 g6 30. Re1 Bd6 31. Qd4 Kg8 32. Nf6+ Kg7 33. Ne8+ Kh6 34. Qh4# 1-0

[Event "Early-Titled-Tuesday-Blitz-April-23-2024"]
[Site "Chess.com"]
[Date "2024.04.23"]
[Round "9"]
[White "vedantgoswami"]
[Black "2Coaches1Profile"]
[Result "0-1"]
[WhiteElo "2376"]
[BlackElo "2561"]
[TimeControl "180+1"]
[EndTime "9:49:05 PDT"]
[Termination "2Coaches1Profile won on time"]

1. b3 d5 2. Bb2 Bf5 3. c4 e6 4. Nf3 c6 5. d3 h6 6. Nbd2 Nf6 7. e3 Nbd7 8. Be2 a5 9. a3 Qc7 10. cxd5 exd5 11. O-O Bd6 12. e4 dxe4 13. dxe4 Nxe4 14. Re1 O-O-O 15. Nc4 Bc5 16. Nd4 Ndf6 17. b4 Ba7 18. f3 Bxd4+ 19. Bxd4 Nc3 20. Qd2 Nb5 21. Bb6 Rxd2 22.
Bxc7 Rxe2 23. Bg3 Rxe1+ 24. Rxe1 Nd5 25. Rd1 axb4 26. axb4 Re8 27. h4 Re2 0-1

[Event "Early-Titled-Tuesday-Blitz-April-23-2024"]
[Site "Chess.com"]
[Date "2024.04.23"]
[Round "9"]
[White "Aygehovit1992"]
[Black "manitodeplomo"]
[Result "1-0"]
[WhiteElo "2745"]
[BlackElo "2625"]
[TimeControl "180+1"]
[EndTime "9:49:08 PDT"]
[Termination "Aygehovit1992 won by resignation"]

1. e4 Nf6 2. e5 Nd5 3. d4 d6 4. Nf3 Bg4 5. exd6 cxd6 6. Be2 e6 7. O-O Be7 8. h3 Bh5 9. c4 Nb6 10. b3 O-O 11. Nc3 d5 12. c5 Nc8 13. Be3 Nc6 14.
g4 Bg6 15. a3 b6 16. b4 bxc5 17.
bxc5 Qa5 18. Qa4 Qxa4 19. Nxa4 f5 20. Bb5 Be8 21. gxf5 Rxf5 22. Be2 Bh5 23. Bb5 Be8 24. Ne5 Nxe5 25. Bxe8 Nf3+ 26. Kg2 Bf6 27. Bd7 Kf7 28. Rfd1 Ne7 29. Rab1 g5 30. Rb7 Rg8 31. c6 g4 32.
hxg4 Rxg4+ 33. Kf1 Nxd4 34. Nc5 e5 35. Bxd4 Rxd4 36.
Rxd4 exd4 37. Bxf5 1-0

[Event "Early-Titled-Tuesday-Blitz-April-23-2024"]
[Site "Chess.com"]
[Date "2024.04.23"]
[Round "9"]
[White "InitiatingASC"]
[Black "Let_it_be_1"]
[Result "0-1"]
[WhiteElo "2336"]
[BlackElo "2604"]
[TimeControl "180+1"]
[EndTime "9:49:08 PDT"]
[Termination "Let_it_be_1 won by checkmate"]

1. d4 d5 2. c4 e6 3. Nc3 Be7 4. e4 dxe4 5. Nxe4 Nf6 6. Ng3 c5 7. Nf3 Nc6 8. Be3 cxd4 9. Nxd4 Bb4+ 10. Ke2 Qe7 11. Nxc6 bxc6 12. f3 O-O 13. Kf2 Bc5 14. Qc1 Rb8 15. b3 Bxe3+ 16. Qxe3 Ng4+ 17. fxg4 Qf6+ 18. Qf3 Qxa1 19. Bd3 Qxa2+ 20. Ne2 Rxb3 21. Qe4 f5 22. gxf5 Rxf5+ 23. Ke3 Qb2 24. Qxc6 Re5+ 25. Kf2 Rxd3 26. Qxc8+ Kf7 27. Re1 Rde3 28. Qd7+ Kg6 29. Qe8+ Kh6 30.
h3 Rxe2+ 31. Rxe2 Rxe2+ 32. Kf3 Rf2+ 33. Kg3 Rxg2+ 34. Kh4 Qf2# 0-1

[Event "Early-Titled-Tuesday-Blitz-April-23-2024"]
[Site "Chess.com"]
[Date "2024.04.23"]
[Round "9"]
[White "Mops_2004"]
[Black "Kildepiotr"]
[Result "0-1"]
[WhiteElo "2880"]
[BlackElo "2738"]
[TimeControl "180+1"]
[EndTime "9:49:09 PDT"]
[Termination "Kildepiotr won on time"]

1. g3 d5 2. Nf3 Nf6 3. Bg2 g6 4. b3 Bg7 5. Bb2 O-O 6. c4 c6 7. O-O Bg4 8. d4 Nbd7 9. e3 Ne4 10. h3 Bxf3 11. Bxf3 e6 12. Nc3 Nxc3 13. Bxc3 b5 14. cxb5 cxb5 15. a4 Qb6 16. a5 Qd6 17. Qd2 Rfc8 18.
Bb4 Qa6 19. Be2 Rc6 20. Rfc1 Rac8 21. Rxc6 Qxc6 22. a6 Bf8 23. Bxf8 Nxf8 24. Qb4 Nd7 25. Kg2 Rb8 26. Ra5 Nf6 27. Rxb5 Rxb5 28. Qxb5 Qxb5 29.
Bxb5 Kf8 30. h4 Ne4 31. f3 Nc3 32. Bd3 h6 33. f4 Ke7 34. g4 Na2 35. Kf3 Nb4 36. Bb5 Kf6 37. g5+ hxg5 38. fxg5+ Ke7 39. Kf4 Nc2 40. Kf3 Na1 41. Ba4 Nc2 42. Ke2 Nb4 43. Bb5 f6 44. Kd2 fxg5 45. hxg5 Na2 46. Kc2 Nb4+ 47.
Kc3 Na2+ 48. Kd2 Nb4 49. Ke2 Nc2 50. Kd2 Nb4 51. Bd3 Kf7 52. Bb5 Na2 53. Ke2 Nc3+ 54. Kd3 Nxb5 55. e4 Ke7 56. e5 Kd7 0-1

[Event "Early-Titled-Tuesday-Blitz-April-23-2024"]
[Site "Chess.com"]
[Date "2024.04.23"]
[Round "9"]
[White "ubdip"]
[Black "BozeKat"]
[Result "1-0"]
[WhiteElo "2390"]
[BlackElo "2117"]
[TimeControl "180+1"]
[EndTime "9:49:09 PDT"]
[Termination "ubdip won on time"]

1. c4 e5 2. Nc3 Nf6 3. Nf3 Nc6 4. e3 e4 5. Nd4 Bb4 6. Qc2 Qe7 7. a3 Bxc3 8. Qxc3 O-O 9. Be2 d5 10. b4 Be6 11. Bb2 Rad8 12. Nxc6 bxc6 13. O-O Qd6 14. c5 Qe7 15. h3 Ne8 16. Qe5 Qf6 17. f4 Qxe5 18.
Bxe5 f6 19. Bd4 a5 20. bxa5 Ra8 21. a6 Kf7 22. Rfb1 Bc8 23. a4 Bxa6 24. Bxa6 Rxa6 25.
Rb7 g6 26. Bc3 Ke7 27. a5 Kd7 28. Rab1 Ng7 29. Rb8 Rxb8 30. Rxb8 Nh5 31. Kf2 Ng7 32. Rh8 Ne6 33. Rxh7+ Kc8 34. Bb4 g5 35. Re7 1-0